General information
			
			
        
        - name: BNet
 
        - type: Ladder team game (AT/RT)
 
        - host: Battle.net
 
        - saver: Gobiner
 
        
map: RiverOfSouls 
        - players: 6
 
        - length: 70:42
 
        - speed: Fast
 - version: 1.22 W3XP
 - replay type:  Public
 
» download(522 KB)
Players
        team 1 (winner) 
              
              
Gobiner (
yellow | 52 APM | 3698 actions | 70:42)
              
 9 Blademaster 
 3 Wind Walk
 3 Critical Strike
 1 Bladestorm
 2 Mirror Image
 
                » actions 
                
                | Assign group hotkey | 17 |  | 
| Basic commands | 14 |  | 
| Build / train | 98 |  | 
| ESC pressed | 8 |  | 
| Enter build submenu | 44 |  | 
| Enter hero's abilities submenu | 9 |  | 
| Give item / drop item | 5 |  | 
| Right click | 2113 |  | 
| Select / deselect | 363 |  | 
| Select group hotkey | 688 |  | 
| Use ability | 339 |  | 
                3698 total
 » units 
                » upgrades
                
                | Liquid Fire | 1 |  | 
| Ranged Weapons | 3 |  | 
| Troll Regeneration | 1 |  | 
| Armor | 3 |  | 
| Reinforced Defenses | 1 |  | 
| Burning Oil | 1 |  | 
                10 total
 » buildings
                
                | Altar of Storms | 1 |  | 
| Orc Burrow | 5 |  | 
| War Mill | 1 |  | 
| Watch Tower | 31 |  | 
| Voodoo Lounge | 3 |  | 
| Stronghold | 3 |  | 
| Beastiary | 2 |  | 
| Fortress | 2 |  | 
| Barracks | 1 |  | 
                49 total
 » build order
                00:07 Altar of Storms
00:20 Orc Burrow
00:28 War Mill
01:40 Watch Tower
01:53 Voodoo Lounge
02:08 Orc Burrow
02:36 Watch Tower
02:57 Watch Tower
03:39 Watch Tower
03:42 Watch Tower
04:14 Stronghold
04:15 Stronghold
04:36 Watch Tower
05:11 Watch Tower
05:12 Watch Tower
05:20 Watch Tower
05:21 Watch Tower
05:48 Watch Tower
06:18 Watch Tower
06:19 Watch Tower
06:39 Watch Tower
06:40 Watch Tower
06:57 Beastiary
07:00 Beastiary
07:04 Orc Burrow
07:07 Orc Burrow
07:29 Fortress
07:30 Fortress
07:41 Watch Tower
07:55 Watch Tower
08:54 Watch Tower
09:04 Watch Tower
09:55 Watch Tower
09:59 Watch Tower
11:08 Watch Tower
11:11 Watch Tower
13:21 Voodoo Lounge
13:27 Voodoo Lounge
13:33 Barracks
15:22 Watch Tower
15:23 Watch Tower
15:26 Watch Tower
15:27 Watch Tower
16:07 Orc Burrow
17:37 Watch Tower
17:37 Watch Tower
19:25 Watch Tower
20:24 Watch Tower
» items
                
                | Boots of Speed | 1 |  | 
| Staff of Teleportation | 4 |  | 
| Lesser Clarity Potion | 10 |  | 
| Healing Salve | 4 |  | 
| Orb of Lightning | 1 |  | 
| Potion of Lesser Invulnerability | 3 |  | 
                23 total
  
               
              
              
kunt.roII (
green | 112 APM | 7886 actions | 70:35)
              
 6 Mountain King 
 3 Storm Bolt
 2 Bash
 1 Avatar
 6 Paladin 
 3 Holy Light
 3 Divine Shield
 
                » actions 
                
                | Assign group hotkey | 46 |  | 
| Basic commands | 105 |  | 
| Build / train | 100 |  | 
| ESC pressed | 1 |  | 
| Enter build submenu | 46 |  | 
| Enter hero's abilities submenu | 18 |  | 
| Give item / drop item | 6 |  | 
| Right click | 3542 |  | 
| Select / deselect | 464 |  | 
| Select group hotkey | 3139 |  | 
| Use ability | 419 |  | 
                7886 total
 » units 
                
                | Peasant | 16 |  | 
| Dragonhawk Rider | 14 |  | 
| Sorceress | 1 |  | 
| Priest | 1 |  | 
                32 total
 » upgrades
                
                | Masonry | 3 |  | 
| Lumber Harvesting | 1 |  | 
| Cloud | 1 |  | 
| Sorceress Training | 1 |  | 
| Magic Sentry | 1 |  | 
| Priest Training | 2 |  | 
| Animal War Training | 1 |  | 
| Armor | 3 |  | 
| Swords | 2 |  | 
                15 total
 » buildings
                
                | Altar of Kings | 1 |  | 
| Farm | 8 |  | 
| Lumber Mill | 1 |  | 
| Scout Tower | 25 |  | 
| Arcane Tower | 4 |  | 
| Guard Tower | 17 |  | 
| Keep | 2 |  | 
| Arcane Vault | 2 |  | 
| Castle | 1 |  | 
| Arcane Sanctum | 1 |  | 
| Gryphon Aviary | 1 |  | 
| Barracks | 2 |  | 
| Blacksmith | 1 |  | 
                66 total
 » build order
                00:09 Altar of Kings
00:33 Farm
00:50 Lumber Mill
01:01 Scout Tower
01:05 Farm
01:29 Arcane Tower
01:36 Scout Tower
02:02 Scout Tower
02:07 Guard Tower
02:09 Farm
02:19 Scout Tower
02:27 Scout Tower
02:35 Guard Tower
02:47 Arcane Tower
02:54 Scout Tower
03:47 Scout Tower
03:48 Guard Tower
04:11 Guard Tower
04:13 Scout Tower
04:21 Guard Tower
04:25 Scout Tower
04:44 Scout Tower
04:45 Guard Tower
05:14 Keep
05:34 Scout Tower
05:36 Scout Tower
05:44 Guard Tower
05:45 Guard Tower
05:56 Scout Tower
05:57 Scout Tower
05:59 Scout Tower
06:02 Farm
06:03 Farm
06:33 Arcane Tower
06:36 Guard Tower
07:06 Arcane Vault
07:08 Scout Tower
07:40 Scout Tower
07:44 Scout Tower
09:23 Castle
09:28 Scout Tower
09:29 Guard Tower
09:33 Arcane Sanctum
10:04 Guard Tower
10:16 Scout Tower
10:25 Gryphon Aviary
10:46 Scout Tower
12:13 Scout Tower
12:14 Scout Tower
12:54 Scout Tower
12:55 Scout Tower
12:59 Arcane Vault
13:16 Farm
13:19 Farm
15:09 Farm
15:11 Guard Tower
15:33 Barracks
15:36 Barracks
15:58 Guard Tower
16:05 Guard Tower
16:32 Blacksmith
22:10 Arcane Tower
» items
                
                | Dust of Appearance | 1 |  | 
| Boots of Speed | 3 |  | 
| Staff of Teleportation | 2 |  | 
| Lesser Clarity Potion | 3 |  | 
| Orb of Lightning | 2 |  | 
| Staff of Sanctuary | 2 |  | 
| Potion of Lesser Invulnerability | 1 |  | 
| Scroll of Town Portal | 1 |  | 
                15 total
  
               
              
              
MrFrosty (
blue | 92 APM | 6488 actions | 70:35)
              
 6 Archmage 
 3 Blizzard
 2 Brilliance Aura
 1 Mass Teleport
 6 Blood Mage 
 3 Flame Strike
 2 Siphon Mana
 1 Summon Phoenix
 
                » actions 
                
                | Assign group hotkey | 25 |  | 
| Basic commands | 161 |  | 
| Build / train | 95 |  | 
| ESC pressed | 3 |  | 
| Enter build submenu | 43 |  | 
| Enter hero's abilities submenu | 14 |  | 
| Give item / drop item | 3 |  | 
| Remove unit from queue | 1 |  | 
| Right click | 3481 |  | 
| Select / deselect | 1116 |  | 
| Select group hotkey | 1140 |  | 
| Use ability | 404 |  | 
                6488 total
 » units 
                
                | Peasant | 17 |  | 
| Priest | 4 |  | 
| Sorceress | 4 |  | 
                25 total
 » upgrades
                
                | Masonry | 3 |  | 
| Lumber Harvesting | 1 |  | 
| Magic Sentry | 1 |  | 
| Sorceress Training | 2 |  | 
| Priest Training | 2 |  | 
                9 total
 » buildings
                
                | Altar of Kings | 1 |  | 
| Farm | 6 |  | 
| Scout Tower | 41 |  | 
| Arcane Tower | 9 |  | 
| Lumber Mill | 1 |  | 
| Guard Tower | 20 |  | 
| Keep | 1 |  | 
| Arcane Sanctum | 1 |  | 
| Castle | 1 |  | 
| Arcane Vault | 1 |  | 
                82 total
 » build order
                00:07 Altar of Kings
00:19 Farm
00:34 Scout Tower
01:02 Arcane Tower
01:29 Farm
01:32 Lumber Mill
01:55 Scout Tower
02:09 Scout Tower
02:24 Arcane Tower
02:30 Scout Tower
02:30 Scout Tower
03:20 Guard Tower
03:22 Arcane Tower
03:24 Scout Tower
03:51 Guard Tower
03:53 Keep
03:57 Farm
04:17 Scout Tower
04:30 Scout Tower
05:01 Arcane Tower
05:39 Farm
05:47 Arcane Tower
05:50 Scout Tower
06:20 Arcane Sanctum
06:30 Guard Tower
06:33 Scout Tower
06:47 Scout Tower
06:48 Scout Tower
07:05 Guard Tower
07:14 Scout Tower
07:15 Scout Tower
07:17 Scout Tower
07:18 Scout Tower
07:39 Guard Tower
08:10 Guard Tower
08:11 Scout Tower
08:36 Farm
08:38 Farm
08:41 Scout Tower
08:58 Guard Tower
09:31 Scout Tower
09:47 Scout Tower
09:48 Scout Tower
09:50 Scout Tower
09:55 Guard Tower
10:06 Guard Tower
10:29 Guard Tower
10:47 Scout Tower
11:21 Guard Tower
12:22 Guard Tower
12:25 Scout Tower
13:09 Guard Tower
13:12 Scout Tower
13:34 Scout Tower
13:49 Scout Tower
13:50 Scout Tower
14:12 Arcane Tower
14:16 Scout Tower
14:18 Scout Tower
14:24 Guard Tower
15:07 Castle
15:20 Arcane Tower
15:21 Scout Tower
15:22 Scout Tower
15:22 Scout Tower
16:06 Arcane Tower
16:07 Guard Tower
16:17 Arcane Vault
16:27 Arcane Tower
19:13 Scout Tower
19:15 Scout Tower
19:16 Guard Tower
19:51 Guard Tower
22:52 Scout Tower
22:58 Scout Tower
23:24 Guard Tower
24:49 Guard Tower
46:02 Scout Tower
46:03 Scout Tower
46:05 Scout Tower
50:57 Guard Tower
67:03 Scout Tower
» items
                
                | Boots of Speed | 2 |  | 
| Staff of Teleportation | 2 |  | 
| Healing Salve | 1 |  | 
| Scroll of Speed | 1 |  | 
| Orb of Lightning | 2 |  | 
| Staff of Sanctuary | 2 |  | 
| Periapt of Vitality | 2 |  | 
| Circlet of Nobility | 2 |  | 
| Lesser Clarity Potion | 1 |  | 
                15 total
  
               team 2 (loser) 
              
              
Kenneth_ (
purple | 57 APM | 4056 actions | 70:35)
              
 3 Priestess of the Moon 
 1 Searing Arrows
 2 Trueshot Aura
 
                » actions 
                
                | Assign group hotkey | 12 |  | 
| Basic commands | 194 |  | 
| Build / train | 91 |  | 
| Enter build submenu | 48 |  | 
| Enter hero's abilities submenu | 4 |  | 
| Give item / drop item | 2 |  | 
| Right click | 1547 |  | 
| Select / deselect | 704 |  | 
| Select group hotkey | 1307 |  | 
| Use ability | 147 |  | 
                4056 total
 » units 
                » upgrades
                
                | Ultravision | 1 |  | 
| Moon Armor | 1 |  | 
| Strength of the Moon | 1 |  | 
                3 total
 » buildings
                
                | Altar of Elders | 2 |  | 
| Moon Well | 8 |  | 
| Ancient of War | 2 |  | 
| Hunter's Hall | 3 |  | 
| Tree of Life | 6 |  | 
| Ancient Protector | 14 |  | 
                35 total
 » build order
                00:10 Altar of Elders
00:20 Moon Well
01:53 Ancient of War
01:56 Hunter's Hall
02:17 Ancient of War
02:37 Moon Well
02:48 Moon Well
04:21 Moon Well
04:41 Moon Well
05:10 Moon Well
15:00 Tree of Life
15:02 Tree of Life
18:21 Ancient Protector
18:23 Ancient Protector
18:30 Ancient Protector
18:39 Moon Well
19:01 Ancient Protector
20:21 Ancient Protector
20:39 Ancient Protector
21:00 Hunter's Hall
22:17 Ancient Protector
22:20 Moon Well
23:34 Tree of Life
25:04 Hunter's Hall
26:11 Ancient Protector
26:12 Ancient Protector
26:13 Ancient Protector
26:17 Ancient Protector
29:33 Tree of Life
29:50 Tree of Life
30:28 Altar of Elders
39:29 Ancient Protector
39:32 Ancient Protector
39:33 Ancient Protector
53:02 Tree of Life
» items
                
                | Scroll of Healing | 4 |  | 
| Potion of Lesser Invulnerability | 2 |  | 
| Potion of Healing | 1 |  | 
                7 total
  
               
              
              
Pen1S- (
pink | 101 APM | 7095 actions | 70:18)
              
 6 Death Knight 
 3 Death Coil
 3 Unholy Aura
 5 Lich 
 3 Frost Nova
 2 Frost Armor
 3 Dreadlord 
 2 Sleep
 1 Vampiric Aura
 
                » actions 
                
                | Assign group hotkey | 57 |  | 
| Basic commands | 14 |  | 
| Build / train | 117 |  | 
| Enter build submenu | 15 |  | 
| Enter hero's abilities submenu | 14 |  | 
| Give item / drop item | 5 |  | 
| Remove unit from queue | 2 |  | 
| Right click | 3991 |  | 
| Select / deselect | 1142 |  | 
| Select group hotkey | 1369 |  | 
| Use ability | 365 |  | 
                7095 total
 » units 
                
                | Acolyte | 4 |  | 
| Ghoul | 1 |  | 
| Crypt Fiend | 22 |  | 
| Obsidian Statue | 9 |  | 
| Frost Wyrm | 10 |  | 
                46 total
 » upgrades
                
                | Creature Attack | 3 |  | 
| Creature Carapace | 3 |  | 
| Destroyer Form | 1 |  | 
| Web | 1 |  | 
| Burrow | 1 |  | 
| Freezing Breath | 1 |  | 
                10 total
 » buildings
                
                | Crypt | 1 |  | 
| Graveyard | 1 |  | 
| Altar of Darkness | 1 |  | 
| Ziggurat | 7 |  | 
| Tomb of Relics | 1 |  | 
| Halls of the Dead | 1 |  | 
| Black Citadel | 3 |  | 
| Slaughterhouse | 2 |  | 
| Sacrificial Pit | 1 |  | 
| Boneyard | 2 |  | 
| Spirit Tower | 2 |  | 
                22 total
 » build order
                00:08 Crypt
00:13 Graveyard
00:19 Altar of Darkness
00:36 Ziggurat
00:51 Tomb of Relics
01:47 Ziggurat
03:43 Halls of the Dead
03:54 Ziggurat
07:15 Black Citadel
07:46 Slaughterhouse
07:47 Slaughterhouse
07:56 Ziggurat
09:50 Ziggurat
10:14 Ziggurat
12:01 Ziggurat
14:32 Sacrificial Pit
15:48 Boneyard
15:48 Boneyard
20:52 Spirit Tower
20:53 Spirit Tower
» items
                
                | Rod of Necromancy | 1 |  | 
| Scroll of Town Portal | 5 |  | 
| Potion of Lesser Invulnerability | 6 |  | 
| Dust of Appearance | 5 |  | 
| Orb of Corruption | 2 |  | 
| Healing Salve | 1 |  | 
| Lesser Clarity Potion | 1 |  | 
                21 total
  
               
              
              
zs.winter (
teal | 92 APM | 6494 actions | 70:24)
              
 5 Blademaster 
 2 Wind Walk
 3 Critical Strike
 1 Shadow Hunter 
 1 Hex
 
                » actions 
                
                | Assign group hotkey | 60 |  | 
| Basic commands | 110 |  | 
| Build / train | 132 |  | 
| ESC pressed | 14 |  | 
| Enter build submenu | 57 |  | 
| Enter hero's abilities submenu | 7 |  | 
| Give item / drop item | 4 |  | 
| Right click | 4404 |  | 
| Select / deselect | 878 |  | 
| Select group hotkey | 391 |  | 
| Use ability | 437 |  | 
                6494 total
 » units 
                
                | Peon | 25 |  | 
| Grunt | 4 |  | 
| Demolisher | 8 |  | 
| Troll Batrider | 19 |  | 
| Tauren | 8 |  | 
| Shaman | 10 |  | 
                74 total
 » upgrades
                
                | Ranged Weapons | 3 |  | 
| Burning Oil | 1 |  | 
| Liquid Fire | 1 |  | 
| Pulverize | 1 |  | 
| Shaman Training | 2 |  | 
| Armor | 3 |  | 
| Witch Doctor Training | 1 |  | 
                12 total
 » buildings
                
                | Barracks | 1 |  | 
| Orc Burrow | 6 |  | 
| Altar of Storms | 1 |  | 
| War Mill | 2 |  | 
| Voodoo Lounge | 1 |  | 
| Stronghold | 2 |  | 
| Watch Tower | 30 |  | 
| Fortress | 2 |  | 
| Beastiary | 2 |  | 
| Great Hall | 1 |  | 
| Spirit Lodge | 1 |  | 
| Tauren Totem | 3 |  | 
                52 total
 » build order
                00:07 Barracks
00:21 Orc Burrow
00:34 Altar of Storms
01:36 War Mill
01:44 War Mill
02:25 Voodoo Lounge
03:08 Stronghold
03:08 Stronghold
03:23 Watch Tower
03:49 Watch Tower
05:41 Orc Burrow
09:44 Orc Burrow
09:50 Fortress
09:55 Orc Burrow
15:36 Beastiary
15:37 Beastiary
20:30 Watch Tower
21:00 Watch Tower
21:02 Watch Tower
28:45 Watch Tower
28:50 Watch Tower
28:52 Watch Tower
28:53 Watch Tower
29:41 Watch Tower
29:45 Watch Tower
29:53 Watch Tower
30:02 Watch Tower
30:35 Watch Tower
31:08 Watch Tower
31:10 Watch Tower
31:35 Watch Tower
31:40 Watch Tower
32:24 Watch Tower
32:25 Watch Tower
32:30 Watch Tower
33:38 Great Hall
33:42 Watch Tower
34:20 Watch Tower
34:33 Watch Tower
34:36 Watch Tower
35:05 Watch Tower
35:15 Watch Tower
35:27 Watch Tower
36:17 Watch Tower
37:32 Watch Tower
37:44 Spirit Lodge
37:49 Tauren Totem
37:51 Tauren Totem
38:39 Tauren Totem
42:24 Orc Burrow
43:29 Orc Burrow
» items
                
                | Boots of Speed | 1 |  | 
| Staff of Teleportation | 1 |  | 
| Healing Salve | 5 |  | 
| Lesser Clarity Potion | 10 |  | 
| Orb of Lightning | 1 |  | 
| Potion of Healing | 2 |  | 
| Potion of Mana | 2 |  | 
| Scroll of Protection | 1 |  | 
| Scroll of Healing | 1 |  | 
| Dust of Appearance | 1 |  | 
| Potion of Lesser Invulnerability | 1 |  | 
                26 total
  
                Chat log
          (00:11 / Allies) kunt.roII: owned n pwned
(00:14 / Allies) MrFrosty: def.
(00:20 / All) kunt.roII: hunt
(00:23 / All) kunt.roII: Grunt
(00:24 / All) kunt.roII: FIEND
(00:24 / All) zs.winter: penis
(00:29 / All) kunt.roII: +penis
(00:35 / All) Kenneth_: -vagina
(00:41 / All) kunt.roII: p. much
(00:49 / All) Kenneth_: t. such
(00:58 / All) zs.winter: s. the fuck up
(01:02 / All) zs.winter: i win
(01:03 / All) Kenneth_: not funny
(01:03 / All) zs.winter: #1
(01:04 / All) Gobiner: manner p.
(01:04 / All) Kenneth_: noob
(01:05 / All) Kenneth_: gtfo
(01:09 / All) zs.winter: q. q
(01:10 / All) kunt.roII:  ? ???? ??
(01:16 / All) Kenneth_: g.g
(01:18 / All) Kenneth_: sag_ging
(01:22 / Allies) MrFrosty: i kind of remember kenneth i think??
(01:22 / All) zs.winter: e. z
(01:35 / All) Gobiner: what's the frequency
(01:36 / All) Gobiner: kenneth
(01:41 / Allies) MrFrosty: yo and i dont feel lumber mills are necessary
(01:45 / All) Kenneth_: 58hz
(03:17 / Allies) MrFrosty: lol owned
(05:29 / Allies) kunt.roII: whats elf doing O_O
(09:39 / All) Gobiner: nice hacks
(09:43 / All) Pen1S-: thx
(10:34 / Allies) MrFrosty: siege from the orc too btw
(10:52 / All) kunt.roII: lol ur base pink
(13:35 / Allies) kunt.roII: lol
(14:42 / All) Gobiner: nice bm
(19:31 / Allies) MrFrosty: get sentry
(21:09 / All) kunt.roII: lmao
(21:11 / All) kunt.roII: losing
(21:14 / Allies) kunt.roII: time to turn on the hacks
(21:17 / All) kunt.roII: time 2 turn on hacks
(21:22 / All) Pen1S-: losing?
(21:23 / All) Pen1S-: LOL
(21:31 / All) kunt.roII: i know its funny right
(21:37 / Allies) kunt.roII: losing to mass towers..so  noob lol
(22:37 / All) kunt.roII: LOL
(25:20 / Allies) MrFrosty: laggggggg
(25:51 / Allies) MrFrosty: l o l
(25:51 / All) Gobiner: zmap turn on
(25:58 / All) Pen1S-: had it on whole game
(25:58 / All) Pen1S-: rofl
(26:01 / All) Gobiner: we know
(26:04 / All) kunt.roII: rofl indeed
(26:04 / All) Gobiner: you're really bad
(26:12 / All) Pen1S-: says the guys losing
(26:23 / All) MrFrosty: thanks
(26:24 / All) Gobiner: I got my base
(26:27 / All) Gobiner: sorry
(26:46 / All) Gobiner: too bad shadowfrench can't give you skills
(28:11 / All) Pen1S-: u noobs enjoying ur proto loss?
(28:17 / All) kunt.roII: n. please
(28:21 / All) MrFrosty: we arent protoing or losing
(28:27 / All) Pen1S-: denying ur loss i c
(28:34 / All) Gobiner: dust me faggot
(28:35 / All) zs.winter: they have
(28:36 / All) zs.winter: downs
(28:36 / All) zs.winter: ROFL
(29:05 / All) kunt.roII: just fyi
(29:08 / All) kunt.roII: u should probobly stop building fiends now
(29:15 / All) MrFrosty: uh oh
(29:18 / All) Gobiner: sweet spell
(29:24 / All) Pen1S-: nah i like to build fiends
(29:30 / All) kunt.roII: well then we both happy
(29:33 / All) kunt.roII: cuz i like to kill em
(30:54 / Allies) MrFrosty: lol
(31:01 / Allies) MrFrosty: i know
(31:11 / All) Gobiner: you guys sure aren't very good even with omniscience
(31:20 / All) Pen1S-: says the 50%ers
(31:20 / All) Pen1S-: LOL
(31:23 / All) kunt.roII: indeed
(31:30 / All) kunt.roII: how u kjonw my %
(31:34 / All) kunt.roII: u got profile hakcs oo?
(31:43 / All) Pen1S-: i know trash's rec
(33:06 / All) kunt.roII: uahghahgah
(34:24 / All) Gobiner: hey does it ping on your minimap when we scan
(34:33 / All) Pen1S-: y dun u ask ur mh that?
(34:35 / All) Gobiner: because they would be a good feature
(34:37 / All) MrFrosty: l o l
(34:41 / Allies) MrFrosty: a bit of regen
(35:19 / All) Gobiner: nice cancel
(35:23 / All) zs.winter: thanks
(35:31 / All) Gobiner: you probably didn't need that money anyway
(35:38 / Allies) kunt.roII: i hit staff
(35:39 / Allies) kunt.roII: so much
(35:40 / All) Pen1S-: 2 for 1
(35:41 / All) Pen1S-: LOL
(35:46 / Allies) kunt.roII: christ
(35:50 / All) Gobiner: LOL
(35:55 / All) Gobiner: A RATIO
(36:02 / Allies) MrFrosty: the elf is mining in no upkeep ofc which is gay
(36:35 / Allies) MrFrosty: fuck off
(36:38 / All) Pen1S-: nice bm
(36:47 / Allies) MrFrosty: pinks
(36:48 / Allies) MrFrosty: tping
(37:00 / All) Gobiner: sweet surround
(37:07 / All) kunt.roII: lmao
(37:27 / Allies) MrFrosty: shade
(37:32 / Allies) kunt.roII: dont use em
(37:48 / Allies) Gobiner: bot
(37:49 / Allies) Gobiner: not pot
(38:02 / All) Gobiner: nice
(38:03 / Allies) kunt.roII: dont use pot
(38:03 / All) Gobiner: surround
(38:04 / Allies) kunt.roII: control me
(38:04 / Allies) MrFrosty: yes
(38:05 / Allies) Gobiner: already did
(38:08 / Allies) MrFrosty: if you drop
(38:11 / Allies) MrFrosty: we will lose tot hese gays
(38:18 / Allies) MrFrosty: stop chatting on vent anyway
(38:20 / All) zs.winter: he knows he lost to he's wiggling the cable
(38:28 / All) Gobiner: he knows he's won he's wiggling his dick
(38:30 / Allies) MrFrosty: so
(38:30 / Allies) MrFrosty: gasy
(38:34 / Allies) kunt.roII: god
(39:14 / Allies) MrFrosty: that was dmb imo
(39:18 / All) Pen1S-: LOL
(39:19 / Allies) MrFrosty: yes
(39:20 / Allies) MrFrosty: very
(39:20 / All) Pen1S-: NICE MB
(39:28 / All) Pen1S-: BM*
(39:43 / Allies) kunt.roII: lol?
(41:39 / All) Gobiner: why do you even bother trying to surround
(41:40 / All) Gobiner: practice?
(41:48 / All) zs.winter: funny
(41:48 / All) Pen1S-: y do u bother 2 talk
(41:48 / All) Pen1S-: ?
(41:52 / All) Gobiner: someday maybe you'll be good I guess
(41:54 / All) Pen1S-: 1v1 2v2 3v3
(41:55 / All) Gobiner: keep it up
(41:57 / All) zs.winter: y do u mass tower in 3s
(41:58 / All) Gobiner: we were all new players once
(41:59 / All) Pen1S-: regardless of mo u lose
(42:03 / All) Pen1S-: its impossible for u to beat me
(42:05 / All) zs.winter: thjere's these custom games called td
(42:07 / All) zs.winter: U should try em
(42:11 / All) Pen1S-: they prob have
(42:12 / All) Pen1S-: LOL
(42:18 / All) zs.winter: they're made for kids who dont kno how to ladder
(42:18 / All) kunt.roII: u realise the only reason u even think u have a chance right now is because you maphack
(42:28 / All) Pen1S-: u realize no1 cares wut 50% garbage thinks
(43:30 / Allies) kunt.roII: sweety
(43:31 / Allies) MrFrosty: woot
(44:06 / All) kunt.roII: lol
(44:40 / Allies) kunt.roII: lagging aroudnfndfasdfhklasd
(44:46 / Allies) kunt.roII: staff imo
(47:05 / All) kunt.roII: gj
(47:52 / All) Gobiner: nice heroes
(47:57 / All) Pen1S-: nice base
(48:02 / All) kunt.roII: we really need it
(48:12 / All) Pen1S-: im rich on gold
(48:18 / All) kunt.roII: good
(48:20 / All) Gobiner: poor on skills
(48:36 / All) Pen1S-: dont talk when u gone none
(48:37 / All) Pen1S-: LOL
(48:59 / All) Gobiner: tauren are hard to keep alive
(50:04 / Allies) MrFrosty: near 6
(50:28 / Allies) MrFrosty: cant
(51:13 / Allies) MrFrosty: they will be pumping wyrms taurens is my guess
(51:45 / Allies) MrFrosty: cool
(51:49 / All) Gobiner: rich on gold
(51:52 / All) kunt.roII: i bet u have even MORE  gold now
(51:53 / All) Gobiner: but best unsummon anyway
(51:55 / All) kunt.roII: that u got rid of ur base
(52:52 / All) Gobiner: for more towering replays visit www.highper.ch
(53:14 / All) Pen1S-: LOL
(53:17 / Allies) MrFrosty: was that
(53:17 / All) kunt.roII: LOL
(53:28 / Allies) MrFrosty: ojh
(53:35 / Allies) MrFrosty: invis pot out
(53:36 / Allies) MrFrosty: with dust
(54:04 / All) Gobiner: hey how much lumber you guys got
(54:07 / All) Gobiner: I'm runnin out a lil
(54:46 / All) Gobiner: nah I'm just joshin ya
(54:50 / All) Gobiner: I got 13k lumber
(54:55 / All) Gobiner: im good
(55:28 / Allies) MrFrosty: no exp for them
(56:11 / Allies) Gobiner: healz
(57:21 / All) Gobiner: trail of tears
(58:14 / Allies) kunt.roII: my staff
(58:16 / Allies) kunt.roII: isnt working O_O
(58:21 / Allies) Gobiner: return it for a refund
(58:24 / Allies) Gobiner: 50% restocking fee
(58:27 / Allies) kunt.roII: im thinknig about it
(58:38 / All) Gobiner: thanks for visiting http://www.highper.ch please come back soon!
(58:49 / All) zs.winter: what's that site for?
(58:56 / All) zs.winter: is it tutorials on how to play tower defense?
(58:57 / All) Pen1S-: its his life investment
(59:00 / All) Gobiner: why don't you try going there
(59:05 / All) kunt.roII: replays of noobs (you) gettine owned by pros (us)
(59:08 / All) zs.winter: cuz i never heard of it
(59:10 / All) zs.winter: obviously a fail site
(59:11 / All) Pen1S-: noobs calling themselves pros
(59:13 / All) Pen1S-: this is a first
(59:14 / All) zs.winter: LOL funny
(59:44 / All) Gobiner: thanks for visiting www.highper.ch please click the ads to make timg money
(60:14 / Allies) MrFrosty: yah
(60:17 / Allies) MrFrosty: yah
(60:54 / Allies) MrFrosty: 25 gold
(60:54 / Allies) kunt.roII: tttt
(61:22 / Allies) MrFrosty: im just staying in my base until we are doing full fights
(61:56 / Allies) MrFrosty: they do have dust also
(62:08 / All) Gobiner: nice try
(62:15 / All) Gobiner: good use of gold
(64:23 / Allies) MrFrosty: didnt think of it
(64:51 / Allies) MrFrosty: pretty sure no
(65:49 / All) Gobiner: how come you aren't spending your gold
(66:06 / All) Gobiner: since you got so much of it
(66:16 / All) Gobiner: might as well go 300 food and rape us
(66:16 / All) Pen1S-: u must got alota tme on ur hand
(66:21 / All) Pen1S-: to waste ur lives on towering in reg games
(66:59 / All) Gobiner: is this king of the mountain
(67:52 / Allies) MrFrosty: no divine shield will be hard
(68:00 / Allies) MrFrosty: cant
(68:36 / All) Gobiner: good fight
(68:38 / All) Gobiner: and good bye
(69:51 / All) Gobiner: bye
(70:17 / All) kunt.roII: Nt
(70:20 / All) Gobiner: 2ez
(70:21 / All) Gobiner: nubs
(70:23 / All) zs.winter: get good kids